 Dungeon Crawl Stone Soup version 0.29.0-4-gdea44cf6ec (webtiles) character file.

Game seed: 2463460388153750804

11 qw the Chopper (level 2, 0/17 HPs)
             Began as a Tengu Warper on Aug 28, 2022.
             Succumbed to their own poison gas
             ... on level 1 of the Dungeon.
             The game lasted 00:00:03 (477 turns).

qw the Chopper (Tengu Warper)                        Turns: 477, Time: 00:00:04

Health: 0/17       AC:  3    Str: 11    XL:     2   Next: 29%
Magic:  6/6        EV: 11    Int: 13    God:
Gold:   53         SH:  0    Dex: 13    Spells: 5/5 levels left

rFire   . . .      SeeInvis .   d - +6 broad axe (pain)
rCold   . . .      Faith    .   (no shield)
rNeg    . . .      Spirit   .   b - +0 leather armour
rPois   .          Reflect  .   (helmet restricted)
rElec   .          Harm     .   (no cloak)
rCorr   .          Rampage  .   (no gloves)
Will    .....                   (boots unavailable)
Stlth   +.........              (no amulet)
HPRegen 0.05/turn               (no ring)
MPRegen 0.10/turn               (no ring)

@: lethally poisoned (0 -> -3)
A: beak, talons 3
a: no special abilities


You were on level 1 of the Dungeon.
You visited 1 branch of the dungeon, and saw 1 of its levels.

You collected 53 gold pieces.


Innate Abilities, Weirdness & Mutations

You have a beak for a mouth.
You have claws for feet.


   Skills:
 - Level 2.0 Fighting
 + Level 3.2 Axes
 - Level 1.0 Throwing
 - Level 1.1 Armour
 - Level 2.1 Dodging
 - Level 2.0 Spellcasting
 - Level 2.4 Translocations


You had 5 spell levels left.
You didn't know any spells.
Your spell library contained the following spells:

 Spells                   Type           Power      Damage    Failure   Level
 Blink                    Tloc           14%        N/A       19%         2
 Gell's Gravitas          Tloc           7%         N/A       36%         3
 Lesser Beckoning         Tloc           7%         N/A       36%         3
 Teleport Other           Tloc           7%         N/A       36%         3
 Manifold Assault         Tloc           7%         N/A       98%         5

Inventory:

Hand Weapons
 d - a +6 broad axe of pain (weapon)
 f - a +0 club
Armour
 b - a +0 leather armour (worn)
Potions
 e - a potion of berserk rage {unknown}

Dungeon Overview and Level Annotations

Branches:
Dungeon (1/15)

Altars:

Shops:
D:1 :


Message History

It was a scroll of poison.
Done exploring.
465 ||| READING scroll labelled ROSATYB CAHUA.
This is a scroll of acquirement!
465 ||| ACQUIRING +6 broad axe of pain Something appears before you!
d - a +6 broad axe of pain
467 ||| SWAPPING to +6 broad axe of pain.
You have a feeling of ineptitude.
d - a +6 broad axe of pain (weapon)
468 ||| DROPPING +0 hand axe.
You drop a +0 hand axe.
Done exploring.
469 ||| DROPPING scroll of poison.
You drop a scroll of poison.
Done exploring.
470 ||| DROPPING scroll of blinking.
You drop a scroll of blinking.
Done exploring.
(D) Dungeon
Where to? (* - list waypoints, ? - help)
What level of the Dungeon? (default 1, ? - help) Sorry, I don't know how to get there.
Done exploring.
471 ||| Stepping randomly (stuck).
Really walk into that cloud of poison gas?
You are engulfed in poison gas.
You are lethally poisoned!
You feel very sick.
472 ||| Stepping ~*~*~tactically~*~*~ (cloud).
You feel very sick.
Things that are here:
a scroll of blinking; a scroll of poison; a +0 hand axe
There is a lethal amount of poison in your body!
You feel sick.
There is a lethal amount of poison in your body!
You feel sick.
There is a lethal amount of poison in your body!
You feel sick.
There is a lethal amount of poison in your body!
You feel sick.
There is a lethal amount of poison in your body!
You die...

## #........# (#
#00000.00# .##
#00000000#
..##########0..0.¤00#
....>........0¤.0000#
#.##...###0#0.0000¤0#
.......#...000.¤0¤¤0####
#.#....#.#¤00000.000¤0¤#
.......#..^#¤000@¤.0¤¤0#
.........####.0#########
...........00.##
........#######
....#.#.# ........#
....##..####### #####
##............# #...#
#..#.........## #...#


There were no monsters in sight!

Vanquished Creatures
  2 ball pythons (D:1)
  An endoplasm (D:1)
  A goblin (D:1)
  2 hobgoblins (D:1)
  A kobold (D:1)
  2 frilled lizards (D:1)
  2 rats (D:1)
11 creatures vanquished.

Notes
Turn   | Place    | Note
-------+----------+-------------------------------------------
     0 | D:1      | qw the Tengu Warper began the quest for the Orb.
     0 | D:1      | Reached XP level 1. HP: 12/12 MP: 4/4
     0 | D:1      | 0 ||| qw: Version: 0.1-a-89-g26bdef1
     0 | D:1      | 0 ||| qw: Game counter: 897
     0 | D:1      | 0 ||| qw: Always use a shield: true
     0 | D:1      | 0 ||| qw: God list: Okawaru
     0 | D:1      | 0 ||| qw: Allow faded altars: false
     0 | D:1      | 0 ||| qw: Do Orc after D:15 true
     0 | D:1      | 0 ||| qw: Do second Lair branch before Depths: true
     0 | D:1      | 0 ||| qw: Lair rune preference: random
     0 | D:1      | 0 ||| qw: Plans: Normal
     0 | D:1      | 0 ||| PLANNING D:1-11
   229 | D:1      | Reached XP level 2. HP: 17/17 MP: 6/6
   248 | D:1      | Reached skill level 3 in Axes
   286 | D:1      | 286 ||| Stepping ~*~*~tactically~*~*~ (stealth).
   302 | D:1      | Found Jeobb's Book Shop.
   464 | D:1      | 464 ||| READING 2 scrolls labelled JUAFYT FUCW.
   465 | D:1      | 465 ||| READING scroll labelled ROSATYB CAHUA.
   465 | D:1      | Identified a scroll of acquirement
   465 | D:1      | 465 ||| ACQUIRING +6 broad axe of pain
   465 | D:1      | Acquired a +6 broad axe of pain
   467 | D:1      | 467 ||| SWAPPING to +6 broad axe of pain.
   468 | D:1      | 468 ||| DROPPING +0 hand axe.
   469 | D:1      | 469 ||| DROPPING scroll of poison.
   470 | D:1      | 470 ||| DROPPING scroll of blinking.
   471 | D:1      | 471 ||| Stepping randomly (stuck).
   472 | D:1      | 472 ||| Stepping ~*~*~tactically~*~*~ (cloud).
   474 | D:1      | HP: 4/17 [poisoned by you (poison gas)]
   476 | D:1      | HP: 1/17 [poisoned by you (poison gas)]
   477 | D:1      | Succumbed to their own poison gas

Levels and vault maps discovered:
D:1:      minmay_arrival_stair_chambers, layout_rooms, serial_shops,
          nicolae_shop_stone

Skill      XL: |  1  2 |
---------------+-------+-----
Axes           | 3 |  3.2
Fighting       | |  2.0
Throwing       | |  1.0
Armour         | |  1.1
Dodging        | |  2.1
Spellcasting   | |  2.0
Translocations | |  2.4

Action                   || total
-------------------------++-------
Melee: Hand axe          ||    17
       Peck              ||     2
       Kick              ||     1
Throw: Boomerang         ||     7
  Use: Scroll            ||     2
Armor: Leather armour    ||     3
Dodge: Dodged            ||    10

Table legend:
 A = Non-vault XP
 B = Vault XP
 C = Vault XP percentage of total XP
 D = Non-vault monster count
 E = Vault monster count
 F = Vault count percentage of total count
                 A         B        C        D         E       F
            +---------+---------+-------+---------+---------+-------
      Total |      17 |       0 |   0.0 |      11 |       0 |   0.0
            +---------+---------+-------+---------+---------+-------
        D:1 |      17 |       0 |   0.0 |      11 |       0 |   0.0
            +---------+---------+-------+---------+---------+-------
